Anaheim Ducks vs Tampa Bay Lightning
(R2)
Created - Tuesday, November 25, 2025 at 08:05
Goals
|
| Anaheim Ducks |
1 |
0 |
2 |
3 |
| Tampa Bay Lightning |
1 |
0 |
1 |
2 |
|
Shots
|
| Anaheim Ducks |
13 |
5 |
13 |
31 |
| Tampa Bay Lightning |
11 |
9 |
9 |
29 |
|
1st period
1. Anaheim Ducks , William Nylander 1 (Nazem Kadri 1, Mark Scheifele 1) at 3:59 (PP)
2. Tampa Bay Lightning , Roope Hintz 1 (Dmitry Orlov 1, Travis Konecny 1) at 18:30
Penalties :
Roope Hintz (TBL) for High sticking (Double Minor) at 3:43, Darnell Nurse (TBL) for Tripping (Minor) at 8:29, Ben Chiarot (TBL) for Boarding (Minor) at 13:37
2nd period
No Goal
Penalties :
Filip Forsberg (TBL) for Hooking (Minor) at 3:00, Mark Scheifele (ANA) for Holding (Minor) at 7:43, Darnell Nurse (TBL) for Slashing (Minor) at 8:04, John Tavares (ANA) for Holding (Minor) at 17:38
3rd period
3. Tampa Bay Lightning , Kirill Kaprizov 1 (Claude Giroux 1, Filip Forsberg 1) at 2:08 (PP)
4. Anaheim Ducks , Brayden Schenn 1 (John Tavares 1) at 2:28 (PP)
5. Anaheim Ducks , Nazem Kadri 1 (Mark Scheifele 2, William Nylander 1) at 13:09 (PP)
Penalties :
Nazem Kadri (ANA) for Hooking (Minor) at 1:31, Ben Chiarot (TBL) for Cross-checking (Minor) at 2:27, Mark Scheifele (ANA) for Tripping (Minor) at 3:57, Ben Chiarot (TBL) for Hooking (Minor) at 12:34, Darnell Nurse (TBL) for Delaying the game (Minor) at 15:03, Ben Chiarot (TBL) for Slashing (Minor) at 19:45
Goalie Stats
Linus Ullmark (ANA), 27 saves from 29 shots - (0.931), W, 1-0-0, 60:00 minutes
Darcy Kuemper (TBL), 28 saves from 31 shots - (0.903), L, 0-1-0, 59:13 minutes
Players Stats for Anaheim Ducks
Player Name G A P +/- PIM S H SB GA TA FO MP PP MP PK MP
------------------------------------------------------------------------------------
Alex Killorn 0 0 0 0 0 1 0 0 0 1 1/1 14:36 0:16 2:55
Brayden Schenn 1 0 1 0 0 2 2 1 0 0 0/1 20:21 5:39 1:33
Brenden Dillon 0 0 0 0 0 0 1 1 0 0 0/0 15:16 0:00 2:01
Chandler Stephenson 0 0 0 0 0 1 0 0 1 0 4/9 14:05 0:02 2:57
Esa Lindell 0 0 0 -1 0 2 1 3 0 0 0/0 19:07 0:08 2:55
Ivan Provorov 0 0 0 0 0 0 0 1 0 1 0/0 21:01 4:02 2:55
J.T. Compher 0 0 0 0 0 0 0 0 0 1 3/3 7:51 0:06 1:44
John Tavares 0 1 1 0 2 6 2 0 3 1 14/18 17:28 5:48 0:00
Joshua Morrissey 0 0 0 -1 0 1 3 1 0 1 0/0 24:19 7:20 0:00
Kevin Bahl 0 0 0 0 0 0 0 1 0 0 0/0 12:38 0:00 0:00
Mark Scheifele 0 2 2 -1 4 3 0 0 0 0 19/31 19:53 5:35 0:00
Mason Marchment 0 0 0 0 0 1 0 0 1 0 1/1 17:11 5:44 0:00
Morgan Rielly 0 0 0 0 0 0 0 0 0 0 0/0 8:21 7:12 0:00
Nazem Kadri 1 1 2 -1 2 4 1 1 2 0 1/3 21:12 5:32 0:33
Parker Kelly 0 0 0 0 0 0 0 0 0 0 0/0 5:22 0:00 0:00
Philip Broberg 0 0 0 0 0 1 1 0 0 1 0/0 19:18 4:02 2:01
Will Cuylle 0 0 0 0 0 1 2 0 0 0 0/0 10:48 0:00 0:00
William Nylander 1 1 2 -1 0 8 3 0 0 0 1/1 24:35 5:24 0:10
Players Stats for Tampa Bay Lightning
Player Name G A P +/- PIM S H SB GA TA FO MP PP MP PK MP
------------------------------------------------------------------------------------
Anze Kopitar 0 0 0 0 0 1 1 1 1 0 7/20 19:33 1:59 5:22
Ben Chiarot 0 0 0 0 8 2 1 4 0 0 0/0 21:45 0:00 4:00
Claude Giroux 0 1 1 0 0 2 2 0 2 0 10/25 16:40 2:37 0:04
Darnell Nurse 0 0 0 0 6 1 1 1 0 1 0/0 23:22 2:41 3:49
Dmitry Orlov 0 1 1 1 0 2 1 0 0 1 0/0 17:27 3:14 5:42
Dylan Cozens 0 0 0 1 0 0 1 1 0 0 0/1 12:10 0:00 0:00
Filip Forsberg 0 1 1 0 2 0 2 1 0 0 0/0 14:28 2:15 0:00
Gustav Nyquist 0 0 0 0 0 0 1 0 0 0 0/0 6:23 0:19 0:02
Jamie Benn 0 0 0 0 0 3 3 0 0 1 1/1 18:10 0:00 5:22
Jason Dickinson 0 0 0 0 0 1 0 0 0 0 3/9 10:50 0:00 5:56
Jonathan Huberdeau 0 0 0 0 0 1 1 0 0 1 0/0 11:26 0:00 0:00
Kirill Kaprizov 1 0 1 0 0 4 2 1 1 0 0/1 15:43 2:37 0:00
Michael Matheson 0 0 0 0 0 2 2 2 0 0 0/0 21:24 2:14 1:16
Moritz Seider 0 0 0 0 0 2 1 3 0 1 0/0 25:11 1:42 5:16
Roope Hintz 1 0 1 1 4 5 1 0 0 1 2/8 14:44 2:19 0:00
Travis Konecny 0 1 1 1 0 2 2 0 1 1 1/2 15:34 2:19 0:02
Trevor Moore 0 0 0 0 0 0 0 0 1 0 0/1 11:13 0:23 5:56
Vincent Desharnais 0 0 0 1 0 1 1 0 0 0 0/0 10:48 0:00 2:41
3 Stars
1 - William Nylander (ANA)
2 - Brayden Schenn (ANA)
3 - Kirill Kaprizov (TBL)
Power Play
Anaheim Ducks - 3 on 10 Attempt(s) - 30.00%
Tampa Bay Lightning - 1 on 4 Attempt(s) - 25.00%
Penalty Kill
Anaheim Ducks - 3 on 4 Attempt(s) - 75.00%
- Score 0 goal in Penalty Kill
Tampa Bay Lightning - 7 on 10 Attempt(s) - 70.00%
- Score 0 goal in Penalty Kill
Team Stat
Anaheim Ducks - Hits : 16 - Faceoff Wins : 44 - Blocked Shots : 9 - Penalty Minutes : 8
Tampa Bay Lightning - Hits : 23 - Faceoff Wins : 24 - Blocked Shots : 14 - Penalty Minutes : 20
Official
Referees : Ghislain Hebert and Jordan Samuels
Linesman : David Brisebois and Jesse Marquis
Game Notes
No Game Note
Finance
Level 1 -- Attendance: 6000 (100.00%) -- Ticket Income $570,000
Level 2 -- Attendance: 5000 (100.00%) -- Ticket Income $275,000
Level 3 -- Attendance: 3000 (100.00%) -- Ticket Income $96,000
Level 4 -- Attendance: 5000 (100.00%) -- Ticket Income $110,000
Luxury Box -- Attendance: 911 (91.10%) -- Ticket Income $175,823
Game was played at the Tampa Bay Times Forum.
Total Attendance: 19911 (99.56%)
Total Ticket Income: $1,226,823
Other Income: $429,388
Total Income: $1,656,211
Anaheim Ducks
5 vs 5 Forward
Center Left Wing Right Wing Time % Phy DF OF
1 Mark Scheifele Nazem Kadri William Nylander 40 1 2 2
2 John Tavares Mason Marchment Brayden Schenn 30 1 2 2
3 Chandler Stephenson Will Cuylle Alex Killorn 20 1 2 2
4 J.T. Compher Parker Kelly William Nylander 10 1 2 2
5 vs 5 Defense
Defense Defense Time % Phy DF OF
1 Esa Lindell Joshua Morrissey 36 1 2 2
2 Ivan Provorov Philip Broberg 33 1 2 2
3 Kevin Bahl Brenden Dillon 31 1 2 2
4 Esa Lindell Morgan Rielly 0 1 2 2
PowerPlay Forward
Center Left Wing Right Wing Time % Phy DF OF
1 Mark Scheifele Nazem Kadri William Nylander 50 1 0 4
2 John Tavares Mason Marchment Brayden Schenn 50 1 0 4
PowerPlay Defense
Defense Defense Time % Phy DF OF
1 Joshua Morrissey Morgan Rielly 60 1 2 2
2 Ivan Provorov Philip Broberg 40 1 2 2
Penalty Kill 4 Players Forward
Center Wing Time % Phy DF OF
1 Chandler Stephenson Alex Killorn 60 1 3 1
2 J.T. Compher Brayden Schenn 40 1 3 1
Penalty Kill 4 Players Defense
Defense Defense Time % Phy DF OF
1 Esa Lindell Ivan Provorov 60 1 4 0
2 Brenden Dillon Philip Broberg 40 1 4 0
Penalty Kill - 3 Players Forward
Forward Time % Phy DF OF
1 Chandler Stephenson 60 1 4 0
2 Alex Killorn 40 1 4 0
Penalty Kill - 3 Players Defense
Defense Defense Time % Phy DF OF
1 Esa Lindell Ivan Provorov 60 1 4 0
2 Brenden Dillon Philip Broberg 40 1 4 0
4 vs 4 Forward
Center Wing Time % Phy DF OF
1 Mark Scheifele William Nylander 60 1 2 2
2 John Tavares Nazem Kadri 40 1 2 2
4 vs 4 Defense
Defense Defense Time % Phy DF OF
1 Esa Lindell Joshua Morrissey 60 1 2 2
2 Brenden Dillon Ivan Provorov 40 1 2 2
Last Minutes Offensive
Center Left Wing Right Wing Defense Defense
Mark Scheifele Nazem Kadri William Nylander Joshua Morrissey Philip Broberg
Last Minutes Defensive
Center Left Wing Right Wing Defense Defense
Chandler Stephenson Alex Killorn Brayden Schenn Ivan Provorov Esa Lindell
Goaltenders
Starting : Linus Ullmark
Backup : James Reimer
Extra Forwards
Normal : William Nylander, Mark Scheifele, Nazem Kadri - PP : William Nylander, Nazem Kadri - PK : Chandler Stephenson
Extra Defensemen
Normal : Esa Lindell, Ivan Provorov, Brenden Dillon - PP : Joshua Morrissey - PK : Esa Lindell, Ivan Provorov
Penalty Shots
Chandler Stephenson, Mark Scheifele, Brayden Schenn, Alex Killorn, William Nylander
Scratches
Jonny Brodzinski (Healthy)
Tampa Bay Lightning
5 vs 5 Forward
Center Left Wing Right Wing Time % Phy DF OF
1 Roope Hintz Travis Konecny Dylan Cozens 30 1 2 2
2 Anze Kopitar Filip Forsberg Jonathan Huberdeau 30 1 2 2
3 Claude Giroux Jamie Benn Kirill Kaprizov 30 1 2 2
4 Jason Dickinson Gustav Nyquist Trevor Moore 10 1 2 2
5 vs 5 Defense
Defense Defense Time % Phy DF OF
1 Moritz Seider Darnell Nurse 40 1 2 2
2 Michael Matheson Ben Chiarot 40 1 2 2
3 Dmitry Orlov Vincent Desharnais 20 1 2 2
4 Moritz Seider Michael Matheson 0 1 2 2
PowerPlay Forward
Center Left Wing Right Wing Time % Phy DF OF
1 Claude Giroux Kirill Kaprizov Filip Forsberg 50 1 2 2
2 Anze Kopitar Travis Konecny Roope Hintz 50 1 2 2
PowerPlay Defense
Defense Defense Time % Phy DF OF
1 Michael Matheson Moritz Seider 50 1 2 2
2 Dmitry Orlov Darnell Nurse 50 1 2 2
Penalty Kill 4 Players Forward
Center Wing Time % Phy DF OF
1 Anze Kopitar Jamie Benn 50 1 2 2
2 Jason Dickinson Trevor Moore 50 1 2 2
Penalty Kill 4 Players Defense
Defense Defense Time % Phy DF OF
1 Darnell Nurse Ben Chiarot 50 1 2 2
2 Moritz Seider Dmitry Orlov 50 1 2 2
Penalty Kill - 3 Players Forward
Forward Time % Phy DF OF
1 Anze Kopitar 50 1 2 2
2 Jason Dickinson 50 1 2 2
Penalty Kill - 3 Players Defense
Defense Defense Time % Phy DF OF
1 Darnell Nurse Ben Chiarot 50 1 2 2
2 Moritz Seider Michael Matheson 50 1 2 2
4 vs 4 Forward
Center Wing Time % Phy DF OF
1 Claude Giroux Travis Konecny 50 1 2 2
2 Anze Kopitar Filip Forsberg 50 1 2 2
4 vs 4 Defense
Defense Defense Time % Phy DF OF
1 Michael Matheson Ben Chiarot 50 1 2 2
2 Moritz Seider Darnell Nurse 50 1 2 2
Last Minutes Offensive
Center Left Wing Right Wing Defense Defense
Claude Giroux Kirill Kaprizov Filip Forsberg Michael Matheson Moritz Seider
Last Minutes Defensive
Center Left Wing Right Wing Defense Defense
Anze Kopitar Travis Konecny Claude Giroux Michael Matheson Moritz Seider
Goaltenders
Starting : Darcy Kuemper
Backup : Jeremy Swayman
Extra Forwards
Normal : Anze Kopitar, Gustav Nyquist, Claude Giroux - PP : Jonathan Huberdeau, Trevor Moore - PK : Claude Giroux
Extra Defensemen
Normal : Ben Chiarot, Moritz Seider, Darnell Nurse - PP : Moritz Seider - PK : Darnell Nurse, Vincent Desharnais
Penalty Shots
Trevor Moore, Filip Forsberg, Kirill Kaprizov, Gustav Nyquist, Jonathan Huberdeau
Scratches
Hampus Lindholm (Back Injury)
% Time on Ice - Anaheim Ducks
Lines # - Real PCT - Wanted PCT - Time Play
Normal Forward
1 - 34% - 40% - 14:24
2 - 27% - 30% - 11:30
3 - 26% - 20% - 10:48
4 - 13% - 10% - 5:22
Normal Defense
1 - 38% - 36% - 16:11
2 - 31% - 33% - 13:15
3 - 30% - 31% - 12:38
4 - 0% - 0% - 0:00
PP Forward
1 - 49% - 50% - 5:37
2 - 51% - 50% - 5:45
PP Defense
1 - 65% - 60% - 7:20
2 - 35% - 40% - 4:02
PK Forward
1 - 86% - 60% - 4:16
2 - 14% - 40% - 0:40
PK Defense
1 - 59% - 60% - 2:55
2 - 41% - 40% - 2:01
PK3 Forward
1 - 0% - 60%
2 - 0% - 40%
PK3 Defense
1 - 0% - 60%
2 - 0% - 40%
44 Forward
1 - 100% - 60% - 1:38
2 - 0% - 40% - 0:00
44 Defense
1 - 63% - 60% - 1:02
2 - 37% - 40% - 0:36
Last Minute Offensive - 0:00
Last Minute Defensive - 0:00
Total
Forward - 60:00
Defense - 60:00
|
% Time on Ice - Tampa Bay Lightning
Lines # - Real PCT - Wanted PCT - Time Play
Normal Forward
1 - 29% - 30% - 12:19
2 - 28% - 30% - 11:38
3 - 31% - 30% - 13:06
4 - 12% - 10% - 4:54
Normal Defense
1 - 41% - 40% - 17:22
2 - 39% - 40% - 16:23
3 - 19% - 20% - 8:06
4 - 0% - 0% - 0:06
PP Forward
1 - 53% - 50% - 2:37
2 - 47% - 50% - 2:19
PP Defense
1 - 45% - 50% - 2:14
2 - 55% - 50% - 2:42
PK Forward
1 - 48% - 50% - 5:24
2 - 52% - 50% - 5:58
PK Defense
1 - 51% - 50% - 5:48
2 - 49% - 50% - 5:34
PK3 Forward
1 - 0% - 50%
2 - 0% - 50%
PK3 Defense
1 - 0% - 50%
2 - 0% - 50%
44 Forward
1 - 53% - 50% - 0:52
2 - 47% - 50% - 0:46
44 Defense
1 - 30% - 50% - 0:29
2 - 70% - 50% - 1:09
Last Minute Offensive - 0:07
Last Minute Defensive - 0:00
Total
Forward - 60:00
Defense - 60:00
|
Play-by-Play
1st period
0:01 of 1st period - Mark Scheifele wins face-off versus Roope Hintz in neutral zone.
0:16 of 1st period - Snap shot by Roope Hintz.
0:16 of 1st period - Shot Blocked by Joshua Morrissey.
0:28 of 1st period - Wrist shot by William Nylander.
0:28 of 1st period - Stopped by Darcy Kuemper without a rebound.
0:29 of 1st period - Anze Kopitar wins face-off versus Brayden Schenn in Tampa Bay Lightning zone.
0:33 of 1st period - Off-side.
0:34 of 1st period - Mason Marchment wins face-off versus Claude Giroux in neutral zone.
0:37 of 1st period - Snap shot by John Tavares.
0:37 of 1st period - Shot Misses the Net.
0:41 of 1st period - Wrist shot by Mason Marchment.
0:41 of 1st period - Stopped by Darcy Kuemper with a rebound.
1:07 of 1st period - Ben Chiarot is hit by Will Cuylle and loses puck.
1:39 of 1st period - Icing by Filip Forsberg.
1:40 of 1st period - Roope Hintz wins face-off versus Mark Scheifele in Tampa Bay Lightning zone.
1:49 of 1st period - Wrist shot by Roope Hintz.
1:49 of 1st period - Shot Misses the Net.
2:03 of 1st period - Brenden Dillon is hit by Vincent Desharnais and loses puck.
2:30 of 1st period - Slapshot by Jonathan Huberdeau.
2:30 of 1st period - Stopped by Linus Ullmark without a rebound.
2:31 of 1st period - Anze Kopitar wins face-off versus Mark Scheifele in Anaheim Ducks zone.
2:48 of 1st period - Slapshot by Mark Scheifele.
2:48 of 1st period - Shot Misses the Net.
3:18 of 1st period - Wrist shot by John Tavares.
3:18 of 1st period - Stopped by Darcy Kuemper with a rebound.
3:43 of 1st period - Double Minor Penalty to Roope Hintz for High sticking.
3:44 of 1st period - Jason Dickinson wins face-off versus Mark Scheifele in Tampa Bay Lightning zone.
3:55 of 1st period - Snap shot by Nazem Kadri.
3:55 of 1st period - Stopped by Darcy Kuemper with a rebound.
3:57 of 1st period - Snap shot by William Nylander.
3:57 of 1st period - Stopped by Darcy Kuemper with a rebound.
3:59 of 1st period - Snap shot by William Nylander.
3:59 of 1st period - Goal by William Nylander - Anaheim Ducks : 1 - Tampa Bay Lightning : 0.
4:00 of 1st period - John Tavares wins face-off versus Jason Dickinson in neutral zone.
4:09 of 1st period - Slapshot by Brayden Schenn.
4:09 of 1st period - Stopped by Darcy Kuemper without a rebound.
4:10 of 1st period - Jason Dickinson wins face-off versus John Tavares in Tampa Bay Lightning zone.
4:17 of 1st period - Snap shot by Trevor Moore.
4:17 of 1st period - Shot Misses the Net.
4:19 of 1st period - Slapshot by Ben Chiarot.
4:19 of 1st period - Stopped by Linus Ullmark without a rebound.
4:20 of 1st period - Anze Kopitar wins face-off versus Mark Scheifele in Anaheim Ducks zone.
4:27 of 1st period - Joshua Morrissey is hit by Jamie Benn and loses puck.
5:59 of 1st period - Penalty to Roope Hintz is over, Roope Hintz is back on ice.
6:26 of 1st period - Brenden Dillon is hit by Claude Giroux.
6:30 of 1st period - Slapshot by Kirill Kaprizov.
6:30 of 1st period - Shot Misses the Net.
7:13 of 1st period - Slapshot by Moritz Seider.
7:13 of 1st period - Stopped by Linus Ullmark with a rebound.
7:37 of 1st period - Philip Broberg is hit by Travis Konecny.
7:51 of 1st period - Chandler Stephenson is hit by Filip Forsberg and loses puck.
8:29 of 1st period - Minor Penalty to Darnell Nurse for Tripping.
8:30 of 1st period - Jason Dickinson wins face-off versus Mark Scheifele in Tampa Bay Lightning zone.
8:30 of 1st period - Jason Dickinson is hit by William Nylander.
9:42 of 1st period - Jamie Benn is hit by John Tavares.
10:29 of 1st period - Penalty to Darnell Nurse is over, Darnell Nurse is back on ice.
10:58 of 1st period - Brayden Schenn is hit by Filip Forsberg.
11:32 of 1st period - Alex Killorn is hit by Gustav Nyquist and loses puck.
11:51 of 1st period - Icing by Travis Konecny.
11:52 of 1st period - John Tavares wins face-off versus Roope Hintz in Tampa Bay Lightning zone.
11:53 of 1st period - Snap shot by Mason Marchment.
11:53 of 1st period - Shot Misses the Net.
11:55 of 1st period - Slapshot by Esa Lindell.
11:55 of 1st period - Stopped by Darcy Kuemper with a rebound.
11:57 of 1st period - Slapshot by Joshua Morrissey.
11:57 of 1st period - Shot Blocked by Dylan Cozens.
11:59 of 1st period - Slapshot by Esa Lindell.
11:59 of 1st period - Stopped by Darcy Kuemper with a rebound.
12:01 of 1st period - Snap shot by Mark Scheifele.
12:01 of 1st period - Shot Misses the Net.
12:18 of 1st period - Vincent Desharnais is hit by Brayden Schenn and loses puck.
13:09 of 1st period - Icing by Brayden Schenn.
13:10 of 1st period - Claude Giroux wins face-off versus John Tavares in Anaheim Ducks zone.
13:37 of 1st period - Minor Penalty to Ben Chiarot for Boarding.
13:38 of 1st period - John Tavares wins face-off versus Jason Dickinson in Tampa Bay Lightning zone.
13:39 of 1st period - Wrist shot by Brayden Schenn.
13:39 of 1st period - Shot Blocked by Moritz Seider.
13:49 of 1st period - Snap shot by John Tavares.
13:49 of 1st period - Stopped by Darcy Kuemper without a rebound.
13:50 of 1st period - Mark Scheifele wins face-off versus Anze Kopitar in Tampa Bay Lightning zone.
13:55 of 1st period - Snap shot by Mark Scheifele.
13:55 of 1st period - Stopped by Darcy Kuemper without a rebound.
13:56 of 1st period - Mark Scheifele wins face-off versus Anze Kopitar in Tampa Bay Lightning zone.
14:05 of 1st period - Snap shot by William Nylander.
14:05 of 1st period - Stopped by Darcy Kuemper without a rebound.
14:06 of 1st period - John Tavares wins face-off versus Jason Dickinson in Tampa Bay Lightning zone.
15:37 of 1st period - Penalty to Ben Chiarot is over, Ben Chiarot is back on ice.
15:50 of 1st period - Will Cuylle is hit by Jamie Benn and loses puck.
16:29 of 1st period - Snap shot by Jamie Benn.
16:29 of 1st period - Stopped by Linus Ullmark with a rebound.
17:15 of 1st period - Slapshot by Roope Hintz.
17:15 of 1st period - Stopped by Linus Ullmark with a rebound.
17:24 of 1st period - Icing by Vincent Desharnais.
17:25 of 1st period - Mark Scheifele wins face-off versus Travis Konecny in Tampa Bay Lightning zone.
17:38 of 1st period - Wrist shot by Roope Hintz.
17:38 of 1st period - Shot Blocked by Esa Lindell.
18:02 of 1st period - Snap shot by Travis Konecny.
18:02 of 1st period - Shot Misses the Net.
18:04 of 1st period - Slapshot by Dmitry Orlov.
18:04 of 1st period - Stopped by Linus Ullmark with a rebound.
18:06 of 1st period - Slapshot by Roope Hintz.
18:06 of 1st period - Shot Misses the Net.
18:08 of 1st period - Slapshot by Dmitry Orlov.
18:08 of 1st period - Deflect By William Nylander.
18:08 of 1st period - Stopped by Linus Ullmark with a rebound.
18:10 of 1st period - Slapshot by Vincent Desharnais.
18:10 of 1st period - Deflect By Nazem Kadri.
18:10 of 1st period - Stopped by Linus Ullmark with a rebound.
18:12 of 1st period - Snap shot by Travis Konecny.
18:12 of 1st period - Stopped by Linus Ullmark with a rebound.
18:14 of 1st period - Slapshot by Dmitry Orlov.
18:14 of 1st period - Shot Misses the Net.
18:16 of 1st period - Wrist shot by Roope Hintz.
18:16 of 1st period - Stopped by Linus Ullmark with a rebound.
18:24 of 1st period - Wrist shot by Travis Konecny.
18:24 of 1st period - Shot Blocked by Nazem Kadri.
18:30 of 1st period - Snap shot by Roope Hintz.
18:30 of 1st period - Goal by Roope Hintz - Anaheim Ducks : 1 - Tampa Bay Lightning : 1.
18:31 of 1st period - John Tavares wins face-off versus Claude Giroux in neutral zone.
18:44 of 1st period - Snap shot by Brayden Schenn.
18:44 of 1st period - Shot Misses the Net.
18:46 of 1st period - Backhand shot by John Tavares.
18:46 of 1st period - Stopped by Darcy Kuemper with a rebound.
Goals for this period are 1 for Anaheim Ducks vs 1 for Tampa Bay Lightning.
Shots for this period are 13 for Anaheim Ducks vs 11 for Tampa Bay Lightning.
2nd period
0:01 of 2nd period - Mark Scheifele wins face-off versus Claude Giroux in neutral zone.
0:04 of 2nd period - Kirill Kaprizov is hit by Nazem Kadri and loses puck.
0:35 of 2nd period - Wrist shot by John Tavares.
0:35 of 2nd period - Stopped by Darcy Kuemper with a rebound.
0:57 of 2nd period - Wrist shot by Travis Konecny.
0:57 of 2nd period - Stopped by Linus Ullmark without a rebound.
0:58 of 2nd period - Claude Giroux wins face-off versus Mark Scheifele in Anaheim Ducks zone.
0:59 of 2nd period - Slapshot by Kirill Kaprizov.
0:59 of 2nd period - Stopped by Linus Ullmark without a rebound.
1:00 of 2nd period - Mark Scheifele wins face-off versus Claude Giroux in Anaheim Ducks zone.
1:15 of 2nd period - Wrist shot by William Nylander.
1:15 of 2nd period - Stopped by Darcy Kuemper with a rebound.
1:17 of 2nd period - Snap shot by Mark Scheifele.
1:17 of 2nd period - Shot Blocked by Michael Matheson.
1:48 of 2nd period - Filip Forsberg is hit by John Tavares and loses puck.
2:34 of 2nd period - Darnell Nurse is hit by Joshua Morrissey and loses puck.
3:00 of 2nd period - Minor Penalty to Filip Forsberg for Hooking.
3:01 of 2nd period - John Tavares wins face-off versus Jason Dickinson in Tampa Bay Lightning zone.
5:00 of 2nd period - Penalty to Filip Forsberg is over, Filip Forsberg is back on ice.
5:22 of 2nd period - Off-side.
5:23 of 2nd period - Chandler Stephenson wins face-off versus Anze Kopitar in neutral zone.
6:13 of 2nd period - Backhand shot by Brayden Schenn.
6:13 of 2nd period - Shot Blocked by Kirill Kaprizov.
6:21 of 2nd period - Wrist shot by Claude Giroux.
6:21 of 2nd period - Stopped by Linus Ullmark without a rebound.
6:22 of 2nd period - Mark Scheifele wins face-off versus Roope Hintz in Anaheim Ducks zone.
6:22 of 2nd period - Mark Scheifele is hit by Ben Chiarot.
6:30 of 2nd period - Wrist shot by Mark Scheifele.
6:30 of 2nd period - Deflect By William Nylander.
6:30 of 2nd period - Shot Misses the Net.
6:30 of 2nd period - Puck is out of play.
6:31 of 2nd period - Mark Scheifele wins face-off versus Roope Hintz in Tampa Bay Lightning zone.
7:20 of 2nd period - Snap shot by Roope Hintz.
7:20 of 2nd period - Shot Blocked by Kevin Bahl.
7:43 of 2nd period - Minor Penalty to Mark Scheifele for Holding.
7:44 of 2nd period - Claude Giroux wins face-off versus Chandler Stephenson in Anaheim Ducks zone.
7:46 of 2nd period - Backhand shot by Kirill Kaprizov.
7:46 of 2nd period - Deflect By Filip Forsberg.
7:46 of 2nd period - Shot Misses the Net.
7:46 of 2nd period - Puck is out of play.
7:47 of 2nd period - Chandler Stephenson wins face-off versus Claude Giroux in Anaheim Ducks zone.
7:47 of 2nd period - Chandler Stephenson is hit by Kirill Kaprizov.
8:04 of 2nd period - Minor Penalty to Darnell Nurse for Slashing.
8:05 of 2nd period - Claude Giroux wins face-off versus Nazem Kadri in Tampa Bay Lightning zone.
8:12 of 2nd period - Slapshot by Travis Konecny.
8:12 of 2nd period - Shot Misses the Net.
8:14 of 2nd period - Slapshot by Michael Matheson.
8:14 of 2nd period - Stopped by Linus Ullmark without a rebound.
8:15 of 2nd period - Claude Giroux wins face-off versus Nazem Kadri in Anaheim Ducks zone.
8:16 of 2nd period - Snap shot by Travis Konecny.
8:16 of 2nd period - Shot Blocked by Esa Lindell.
8:18 of 2nd period - Wrist shot by Michael Matheson.
8:18 of 2nd period - Stopped by Linus Ullmark without a rebound.
8:19 of 2nd period - Nazem Kadri wins face-off versus Anze Kopitar in Anaheim Ducks zone.
8:28 of 2nd period - Slapshot by Joshua Morrissey.
8:28 of 2nd period - Shot Blocked by Ben Chiarot.
8:30 of 2nd period - Slapshot by Joshua Morrissey.
8:30 of 2nd period - Shot Blocked by Ben Chiarot.
8:32 of 2nd period - Wrist shot by Nazem Kadri.
8:32 of 2nd period - Shot Blocked by Ben Chiarot.
9:43 of 2nd period - Penalty to Mark Scheifele is over, Mark Scheifele is back on ice.
10:04 of 2nd period - Penalty to Darnell Nurse is over, Darnell Nurse is back on ice.
10:32 of 2nd period - Alex Killorn is hit by Dylan Cozens and loses puck.
10:37 of 2nd period - Wrist shot by Roope Hintz.
10:37 of 2nd period - Stopped by Linus Ullmark with a rebound.
13:03 of 2nd period - Slapshot by Anze Kopitar.
13:03 of 2nd period - Stopped by Linus Ullmark with a rebound.
13:50 of 2nd period - Off-side.
13:51 of 2nd period - John Tavares wins face-off versus Jason Dickinson in neutral zone.
14:42 of 2nd period - Wrist shot by Will Cuylle.
14:42 of 2nd period - Stopped by Darcy Kuemper without a rebound.
14:43 of 2nd period - Chandler Stephenson wins face-off versus Claude Giroux in Tampa Bay Lightning zone.
14:54 of 2nd period - Wrist shot by Chandler Stephenson.
14:54 of 2nd period - Deflect By Alex Killorn.
14:54 of 2nd period - Stopped by Darcy Kuemper without a rebound.
14:55 of 2nd period - Anze Kopitar wins face-off versus Mark Scheifele in Tampa Bay Lightning zone.
15:04 of 2nd period - Wrist shot by Nazem Kadri.
15:04 of 2nd period - Shot Misses the Net.
15:22 of 2nd period - John Tavares is hit by Darnell Nurse and loses puck.
15:31 of 2nd period - Wrist shot by Kirill Kaprizov.
15:31 of 2nd period - Deflect By Mason Marchment.
15:31 of 2nd period - Stopped by Linus Ullmark with a rebound.
15:33 of 2nd period - Slapshot by Ben Chiarot.
15:33 of 2nd period - Stopped by Linus Ullmark with a rebound.
15:35 of 2nd period - Slapshot by Michael Matheson.
15:35 of 2nd period - Deflect By Kirill Kaprizov.
15:35 of 2nd period - Shot Misses the Net.
15:35 of 2nd period - Puck is out of play.
15:36 of 2nd period - Mark Scheifele wins face-off versus Roope Hintz in Anaheim Ducks zone.
15:36 of 2nd period - Mark Scheifele is hit by Travis Konecny.
15:48 of 2nd period - Snap shot by William Nylander.
15:48 of 2nd period - Shot Misses the Net.
15:50 of 2nd period - Slapshot by Philip Broberg.
15:50 of 2nd period - Stopped by Darcy Kuemper with a rebound.
15:52 of 2nd period - Snap shot by Nazem Kadri.
15:52 of 2nd period - Shot Misses the Net.
16:19 of 2nd period - Wrist shot by Roope Hintz.
16:19 of 2nd period - Shot Misses the Net.
16:55 of 2nd period - Jonathan Huberdeau is hit by Joshua Morrissey and loses puck.
17:13 of 2nd period - Moritz Seider is hit by Esa Lindell and loses puck.
17:36 of 2nd period - Wrist shot by Anze Kopitar.
17:36 of 2nd period - Shot Misses the Net.
17:38 of 2nd period - Minor Penalty to John Tavares for Holding.
17:39 of 2nd period - Chandler Stephenson wins face-off versus Trevor Moore in Anaheim Ducks zone.
18:19 of 2nd period - Snap shot by Alex Killorn.
18:19 of 2nd period - Shot Misses the Net.
18:21 of 2nd period - Snap shot by Alex Killorn.
18:21 of 2nd period - Shot Blocked by Moritz Seider.
18:23 of 2nd period - Snap shot by Brenden Dillon.
18:23 of 2nd period - Shot Blocked by Moritz Seider.
18:25 of 2nd period - Wrist shot by Alex Killorn.
18:25 of 2nd period - Deflect By Chandler Stephenson.
18:25 of 2nd period - Shot Blocked by Michael Matheson.
18:25 of 2nd period - Puck is out of play.
18:26 of 2nd period - Travis Konecny wins face-off versus Chandler Stephenson in Tampa Bay Lightning zone.
19:34 of 2nd period - Ivan Provorov is hit by Anze Kopitar and loses puck.
19:38 of 2nd period - Penalty to John Tavares is over, John Tavares is back on ice.
Goals for this period are 0 for Anaheim Ducks vs 0 for Tampa Bay Lightning.
Shots for this period are 5 for Anaheim Ducks vs 9 for Tampa Bay Lightning.
3rd period
0:01 of 3rd period - Mark Scheifele wins face-off versus Claude Giroux in neutral zone.
0:10 of 3rd period - Snap shot by William Nylander.
0:10 of 3rd period - Stopped by Darcy Kuemper with a rebound.
0:52 of 3rd period - Icing by Anze Kopitar.
0:53 of 3rd period - Alex Killorn wins face-off versus Roope Hintz in Tampa Bay Lightning zone.
1:31 of 3rd period - Minor Penalty to Nazem Kadri for Hooking.
1:32 of 3rd period - Anze Kopitar wins face-off versus Chandler Stephenson in Anaheim Ducks zone.
2:08 of 3rd period - Wrist shot by Kirill Kaprizov.
2:08 of 3rd period - Goal by Kirill Kaprizov - Anaheim Ducks : 1 - Tampa Bay Lightning : 2.
2:09 of 3rd period - Claude Giroux wins face-off versus Mark Scheifele in neutral zone.
2:12 of 3rd period - Philip Broberg is hit by Jamie Benn.
2:27 of 3rd period - Minor Penalty to Ben Chiarot for Cross-checking.
2:28 of 3rd period - John Tavares wins face-off versus Anze Kopitar in Tampa Bay Lightning zone.
2:28 of 3rd period - Snap shot by Brayden Schenn.
2:28 of 3rd period - Goal by Brayden Schenn - Anaheim Ducks : 2 - Tampa Bay Lightning : 2.
2:29 of 3rd period - Mark Scheifele wins face-off versus Claude Giroux in neutral zone.
2:42 of 3rd period - Snap shot by Mark Scheifele.
2:42 of 3rd period - Shot Misses the Net.
2:44 of 3rd period - Wrist shot by Nazem Kadri.
2:44 of 3rd period - Stopped by Darcy Kuemper without a rebound.
2:45 of 3rd period - Anze Kopitar wins face-off versus John Tavares in Tampa Bay Lightning zone.
2:45 of 3rd period - Anze Kopitar is hit by Brayden Schenn.
2:55 of 3rd period - Wrist shot by Anze Kopitar.
2:55 of 3rd period - Shot Blocked by Brenden Dillon.
2:57 of 3rd period - Slapshot by Michael Matheson.
2:57 of 3rd period - Shot Blocked by Brayden Schenn.
3:12 of 3rd period - Off-side.
3:13 of 3rd period - Mark Scheifele wins face-off versus Claude Giroux in neutral zone.
3:18 of 3rd period - Wrist shot by William Nylander.
3:18 of 3rd period - Stopped by Darcy Kuemper without a rebound.
3:19 of 3rd period - Mark Scheifele wins face-off versus Claude Giroux in Tampa Bay Lightning zone.
3:36 of 3rd period - Jamie Benn is hit by Joshua Morrissey and loses puck.
3:40 of 3rd period - Icing by Jamie Benn.
3:41 of 3rd period - John Tavares wins face-off versus Claude Giroux in Tampa Bay Lightning zone.
3:56 of 3rd period - Snap shot by Claude Giroux.
3:56 of 3rd period - Deflect By Mason Marchment.
3:56 of 3rd period - Shot Blocked by Ivan Provorov.
3:56 of 3rd period - Puck is out of play.
3:57 of 3rd period - Mark Scheifele wins face-off versus Anze Kopitar in Anaheim Ducks zone.
3:57 of 3rd period - Minor Penalty to Mark Scheifele for Tripping.
3:58 of 3rd period - Anze Kopitar wins face-off versus Chandler Stephenson in Anaheim Ducks zone.
5:57 of 3rd period - Penalty to Mark Scheifele is over, Mark Scheifele is back on ice.
6:43 of 3rd period - Dmitry Orlov is hit by Philip Broberg and loses puck.
6:58 of 3rd period - Philip Broberg is hit by Roope Hintz and loses puck.
7:22 of 3rd period - Off-side.
7:23 of 3rd period - Mark Scheifele wins face-off versus Claude Giroux in neutral zone.
7:50 of 3rd period - Snap shot by Chandler Stephenson.
7:50 of 3rd period - Stopped by Darcy Kuemper without a rebound.
7:51 of 3rd period - William Nylander wins face-off versus Anze Kopitar in Tampa Bay Lightning zone.
7:56 of 3rd period - Wrist shot by Mark Scheifele.
7:56 of 3rd period - Deflect By Michael Matheson.
7:56 of 3rd period - Stopped by Darcy Kuemper with a rebound.
7:58 of 3rd period - Slapshot by Joshua Morrissey.
7:58 of 3rd period - Shot Misses the Net.
8:00 of 3rd period - Slapshot by Joshua Morrissey.
8:00 of 3rd period - Deflect By Nazem Kadri.
8:00 of 3rd period - Shot Blocked by Anze Kopitar.
8:00 of 3rd period - Puck is out of play.
8:01 of 3rd period - Mark Scheifele wins face-off versus Anze Kopitar in Tampa Bay Lightning zone.
8:36 of 3rd period - Snap shot by William Nylander.
8:36 of 3rd period - Shot Misses the Net.
8:54 of 3rd period - Filip Forsberg is hit by William Nylander and loses puck.
9:15 of 3rd period - Wrist shot by William Nylander.
9:15 of 3rd period - Shot Blocked by Filip Forsberg.
9:17 of 3rd period - Wrist shot by William Nylander.
9:17 of 3rd period - Stopped by Darcy Kuemper without a rebound.
9:18 of 3rd period - John Tavares wins face-off versus Claude Giroux in Tampa Bay Lightning zone.
9:31 of 3rd period - Backhand shot by John Tavares.
9:31 of 3rd period - Stopped by Darcy Kuemper with a rebound.
10:00 of 3rd period - Dylan Cozens is hit by Will Cuylle and loses puck.
10:23 of 3rd period - Slapshot by Jason Dickinson.
10:23 of 3rd period - Stopped by Linus Ullmark without a rebound.
10:24 of 3rd period - J.T. Compher wins face-off versus Claude Giroux in Anaheim Ducks zone.
10:24 of 3rd period - J.T. Compher is hit by Dmitry Orlov.
11:18 of 3rd period - Mason Marchment is hit by Michael Matheson and loses puck.
11:33 of 3rd period - Snap shot by John Tavares.
11:33 of 3rd period - Stopped by Darcy Kuemper without a rebound.
11:34 of 3rd period - Claude Giroux wins face-off versus Mark Scheifele in Tampa Bay Lightning zone.
11:42 of 3rd period - Wrist shot by Jamie Benn.
11:42 of 3rd period - Stopped by Linus Ullmark with a rebound.
11:44 of 3rd period - Snap shot by Jamie Benn.
11:44 of 3rd period - Stopped by Linus Ullmark with a rebound.
11:46 of 3rd period - Snap shot by Darnell Nurse.
11:46 of 3rd period - Deflect By William Nylander.
11:46 of 3rd period - Stopped by Linus Ullmark with a rebound.
11:48 of 3rd period - Wrist shot by Moritz Seider.
11:48 of 3rd period - Stopped by Linus Ullmark without a rebound.
11:49 of 3rd period - Mark Scheifele wins face-off versus Anze Kopitar in Anaheim Ducks zone.
11:49 of 3rd period - Mark Scheifele is hit by Jonathan Huberdeau.
12:15 of 3rd period - Kirill Kaprizov is hit by Brenden Dillon and loses puck.
12:20 of 3rd period - Snap shot by Chandler Stephenson.
12:20 of 3rd period - Shot Misses the Net.
12:25 of 3rd period - Off-side.
12:26 of 3rd period - Claude Giroux wins face-off versus Mark Scheifele in neutral zone.
12:34 of 3rd period - Minor Penalty to Ben Chiarot for Hooking.
12:35 of 3rd period - John Tavares wins face-off versus Anze Kopitar in Tampa Bay Lightning zone.
13:09 of 3rd period - Slapshot by Nazem Kadri.
13:09 of 3rd period - Goal by Nazem Kadri - Anaheim Ducks : 3 - Tampa Bay Lightning : 2.
13:10 of 3rd period - Claude Giroux wins face-off versus Mark Scheifele in neutral zone.
13:17 of 3rd period - Wrist shot by Mark Scheifele.
13:17 of 3rd period - Shot Misses the Net.
13:19 of 3rd period - Snap shot by Nazem Kadri.
13:19 of 3rd period - Stopped by Darcy Kuemper without a rebound.
13:20 of 3rd period - Mark Scheifele wins face-off versus Kirill Kaprizov in Tampa Bay Lightning zone.
13:45 of 3rd period - Nazem Kadri is hit by Claude Giroux and loses puck.
13:54 of 3rd period - Snap shot by Joshua Morrissey.
13:54 of 3rd period - Shot Blocked by Ben Chiarot.
13:56 of 3rd period - Wrist shot by Mark Scheifele.
13:56 of 3rd period - Stopped by Darcy Kuemper without a rebound.
13:57 of 3rd period - John Tavares wins face-off versus Anze Kopitar in Tampa Bay Lightning zone.
14:30 of 3rd period - Snap shot by Alex Killorn.
14:30 of 3rd period - Deflect By Chandler Stephenson.
14:30 of 3rd period - Shot Blocked by Darnell Nurse.
14:30 of 3rd period - Puck is out of play.
14:31 of 3rd period - Claude Giroux wins face-off versus Chandler Stephenson in Tampa Bay Lightning zone.
14:35 of 3rd period - Philip Broberg is hit by Michael Matheson and loses puck.
14:44 of 3rd period - Wrist shot by Chandler Stephenson.
14:44 of 3rd period - Shot Misses the Net.
14:58 of 3rd period - Snap shot by Joshua Morrissey.
14:58 of 3rd period - Shot Misses the Net.
15:00 of 3rd period - Wrist shot by Joshua Morrissey.
15:00 of 3rd period - Stopped by Darcy Kuemper without a rebound.
15:01 of 3rd period - Roope Hintz wins face-off versus Mark Scheifele in Tampa Bay Lightning zone.
15:03 of 3rd period - Minor Penalty to Darnell Nurse for Delaying the game.
15:04 of 3rd period - Mark Scheifele wins face-off versus Anze Kopitar in Tampa Bay Lightning zone.
15:06 of 3rd period - Snap shot by Mark Scheifele.
15:06 of 3rd period - Shot Misses the Net.
15:08 of 3rd period - Slapshot by Joshua Morrissey.
15:08 of 3rd period - Shot Misses the Net.
17:03 of 3rd period - Penalty to Darnell Nurse is over, Darnell Nurse is back on ice.
17:28 of 3rd period - Slapshot by Michael Matheson.
17:28 of 3rd period - Deflect By Jonathan Huberdeau.
17:28 of 3rd period - Shot Misses the Net.
17:28 of 3rd period - Puck is out of play.
17:29 of 3rd period - John Tavares wins face-off versus Dylan Cozens in Anaheim Ducks zone.
18:20 of 3rd period - Wrist shot by Roope Hintz.
18:20 of 3rd period - Stopped by Linus Ullmark without a rebound.
18:21 of 3rd period - Jamie Benn wins face-off versus John Tavares in Anaheim Ducks zone.
18:24 of 3rd period - Slapshot by Claude Giroux.
18:24 of 3rd period - Shot Blocked by Esa Lindell.
18:26 of 3rd period - Wrist shot by Claude Giroux.
18:26 of 3rd period - Stopped by Linus Ullmark with a rebound.
18:28 of 3rd period - Slapshot by Darnell Nurse.
18:28 of 3rd period - Deflect By Kirill Kaprizov.
18:28 of 3rd period - Stopped by Linus Ullmark without a rebound.
18:29 of 3rd period - J.T. Compher wins face-off versus Claude Giroux in Anaheim Ducks zone.
18:29 of 3rd period - J.T. Compher is hit by Kirill Kaprizov.
18:49 of 3rd period - Jamie Benn is hit by William Nylander and loses puck.
18:56 of 3rd period - Parker Kelly is hit by Moritz Seider and loses puck.
18:59 of 3rd period - Tampa Bay Lightning, Darcy Kuemper is pulled from the net.
19:38 of 3rd period - Icing by Parker Kelly.
19:39 of 3rd period - J.T. Compher wins face-off versus Anze Kopitar in Anaheim Ducks zone.
19:45 of 3rd period - Minor Penalty to Ben Chiarot for Slashing.
19:46 of 3rd period - Darcy Kuemper from Tampa Bay Lightning was sent back in the game.
19:46 of 3rd period - John Tavares wins face-off versus Jason Dickinson in Tampa Bay Lightning zone.
Goals for this period are 2 for Anaheim Ducks vs 1 for Tampa Bay Lightning.
Shots for this period are 13 for Anaheim Ducks vs 9 for Tampa Bay Lightning.
Back to the Top